 Dungeon Crawl Stone Soup version 0.29.1-2-gbd0b4ee654 (webtiles) character file.

Game seed: 17752365530238554134

26 GorkyZ the Trooper (level 2, -4/24 HPs)
             Began as a Demonspawn Fighter on Nov 19, 2022.
             Slain by Sigmund
             ... wielding a +0 scythe
              (5 damage)
             ... on level 2 of the Dungeon.
             The game lasted 00:02:19 (1506 turns).

GorkyZ the Trooper (Demonspawn Fighter)             Turns: 1506, Time: 00:02:19

Health: -4/24      AC:  6    Str: 16    XL:     2   Next: 89%
Magic:  2/2        EV:  8    Int:  9    God:
Gold:   46         SH:  4    Dex: 12    Spells: 1/1 levels left

rFire   . . .      SeeInvis .   a - +0 flail
rCold   . . .      Faith    .   c - +0 buckler
rNeg    . . .      Spirit   .   b - +0 scale mail
rPois   .          Reflect  .   (no helmet)
rElec   .          Harm     .   (no cloak)
rCorr   .          Rampage  .   (no gloves)
Will    .....                   (no boots)
Stlth   ..........              (no amulet)
HPRegen 0.08/turn               (no ring)
MPRegen 0.08/turn               (no ring)

@: no status effects
A: demonic guardian 1
a: no special abilities


You were on level 2 of the Dungeon.
You visited 1 branch of the dungeon, and saw 2 of its levels.

You collected 46 gold pieces.

Inventory:

Hand Weapons
 a - a +0 flail (weapon)
Armour
 b - a +0 scale mail (worn)
 c - a +0 buckler (worn)
Jewellery
 f - an amulet of faith
 j - a ring of wizardry
Scrolls
 g - 4 scrolls of identify {unknown}
 i - a scroll of blinking {unknown}
 k - a scroll of brand weapon {unknown}
 l - a scroll of teleportation {unknown}
Potions
 d - 2 potions of might
 e - 4 potions of curing {unknown}
 h - a potion of brilliance {unknown}
 m - a potion of magic {unknown}
 n - a potion of ambrosia {unknown}
 o - a potion of heal wounds {unknown}


   Skills:
 + Level 3.3 Fighting
 + Level 2.1 Maces & Flails
 + Level 0.1 Throwing
 + Level 3.0 Armour
 + Level 2.9 Shields
 + Level 0.2 Evocations


You had one spell level left.
You didn't know any spells.
Your spell library contained the following spells:

 Spells                   Type           Power      Damage    Failure   Level
 Inner Flame              Hex/Fire       0%         N/A       99%         3
 Cause Fear               Hex            0%         N/A       100%        4
 Discord                  Hex            0%         N/A       100%        8


Dungeon Overview and Level Annotations

Branches:
Dungeon (2/15)

Altars:

Shops:
D:1 (

Annotations:
D:2 Sigmund


Innate Abilities, Weirdness & Mutations

A weak demonic guardian rushes to your aid.


Message History

Sigmund casts a spell.
Sigmund flickers and vanishes!
Deactivating autopickup; reactivate with Ctrl-A.
You block the goblin's attack. The quokka barely misses you.
The goblin hits you but does no damage.
You hit the quokka.
You kill the quokka!
Something hits you but does no damage. You block the goblin's attack.
You closely miss the goblin. The goblin misses you. Something hits you.
You miss the goblin. The goblin barely misses you.
Something hits you but does no damage. The goblin barely misses you.
You hit the goblin.
The goblin is heavily wounded.
The goblin hits you but does no damage.
You hit the goblin.
You kill the goblin!
Something hits you but does no damage.
No target in view!
No target in view!
No target in view!
No target in view!
No target in view!
Found a scale mail, a scroll labelled YDOIKE BOSE and 7 gold pieces.
Something hits you.
You see here a +0 dagger.
You miss something. You block something's attack.
You barely miss something. Something hits you but does no damage.
You barely miss something.
You hear some strange, mumbled words.
A magic dart appears from out of thin air!
The magic dart hits you.
A demonic guardian appears!
You barely miss something. Something hits you.
* * * LOW HITPOINT WARNING * * *
You sock something!
You hear some strange, mumbled words.
A magic dart appears from out of thin air!
The magic dart hits you.
* * * LOW HITPOINT WARNING * * *
You closely miss something. Something hits you.
You die...

##+####### ≈§.≈≈§≈§§#
........§# . ........≈#
.. ........≈# ..
........§###########. ..
?..?...5≈#...........
..#...{@.'....######.
[..=....≈#....# #...
$.......≈#....# #...
.......§§#...†#######...
.......§§#....##...# ...
........≈#....##...# #.
≈≈.≈≈≈≈≈≈#.........####.
##+#######.........'.##.
#...........#.##.


You could see a friendly quasit (summoned).

Vanquished Creatures
  2 ball pythons
  A giant cockroach (D:1)
  2 goblins
  2 hobgoblins
  3 jackals (D:1)
  4 quokkas
  2 bats (D:1)
  4 frilled lizards (D:1)
  A kobold (D:1)
21 creatures vanquished.

Vanquished Creatures (collateral kills)
  A quokka (D:2)
1 creature vanquished.

Grand Total: 22 creatures vanquished

Notes
Turn   | Place    | Note
-------+----------+-------------------------------------------
     0 | D:1      | GorkyZ the Demonspawn Fighter began the quest for the Orb.
     0 | D:1      | Reached XP level 1. HP: 18/18 MP: 1/1
   254 | D:1      | Gained mutation: A weak demonic guardian rushes to your
                  | aid. [demonic ancestry]
   254 | D:1      | Reached XP level 2. HP: 24/24 MP: 2/2
   636 | D:1      | Found Xiadiy's Antique Weapon Shoppe.
  1490 | D:2      | Noticed Sigmund
  1505 | D:2      | HP: 1/24 [something/magic dart (2)]
  1506 | D:2      | Slain by Sigmund

Illustrated notes

Levels and vault maps discovered:
D:1:      ncdulo_lavacross, layout_basic, serial_shops, nicolae_lakefront_shop
D:2:      layout_basic, kennysheep_generic_room_16, uniq_natasha, uniq_sigmund

Skill      XL: |  1  2 |
---------------+-------+-----
Maces & Flails | 2 |  2.1
Armour         | 3 |  3.0
Fighting       | |  3.3
Throwing       | |  0.1
Shields        | |  2.9
Evocations     | |  0.2

Action                   || total
-------------------------++-------
Melee: Flail             ||    90
Armor: Scale mail        ||    56
Dodge: Dodged            ||    67
Block: Buckler           ||    31
